 Dungeon Crawl Stone Soup version 0.21.1-1-g345015f (webtiles) character file.

193 sking99 the Sneak (level 5, -5/34 HPs)
             Began as an Octopode Assassin on June 24, 2018.
             Killed from afar by an orc priest (8 damage)
             ... with a wand of flame (25)
             ... on level 3 of the Dungeon.
             The game lasted 00:05:34 (2213 turns).

sking99 the Sneak (Octopode Assassin)               Turns: 2213, Time: 00:05:35

Health: -5/34      AC:  1    Str: 11    XL:     5   Next: 72%
Magic:  5/5        EV: 14    Int: 13    God:
Gold:   96         SH:  0    Dex: 14    Spells: 4/4 levels left

rFire    . . .     SeeInvis .   a - +2 dagger
rCold    . . .     Gourm    .   (no shield)
rNeg     . . .     Faith    .   (helmet restricted)
rPois    .         Spirit   .   (no amulet)
rElec    .         Reflect  .   (no ring)
rCorr    .         Harm     .   (no ring)
MR       .....                  (no ring)
Stlth    ++++......             (no ring)
HPRegen  0.11/turn              (no ring)
MPRegen  0.09/turn              (no ring)
                                (no ring)
                                (no ring)

@: no status effects
A: almost no armour, stealthy swim, amphibious, 8 rings, constrict 8, camouflage
1, gelatinous body 1
a: no special abilities


You were on level 3 of the Dungeon.
You were not hungry.

You visited 1 branch of the dungeon, and saw 3 of its levels.

You collected 96 gold pieces.

Inventory:

Hand Weapons
 a - a +2 dagger (weapon)
 b - a +0 blowgun
Missiles
 c - 8 poisoned needles
 d - 2 curare-tipped needles
Jewellery
 j - a +2 ring of dexterity {unknown}
Wands
 s - a wand of digging (13)
Scrolls
 i - a scroll of fog {unknown}
 k - 7 scrolls of identify {unknown}
 l - a scroll of enchant weapon {unknown}
 m - a scroll of magic mapping {unknown}
 n - 5 scrolls of remove curse {unknown}
 o - 2 scrolls of random uselessness {unknown}
 q - a scroll of teleportation {unknown}
 u - a scroll of blinking {unknown}
 x - a scroll of enchant armour {unknown}
Potions
 e - a potion of heal wounds {unknown}
 h - 2 potions of curing {unknown}
 p - a potion of agility {unknown}
 r - a potion of flight {unknown}
 t - a potion of cancellation {unknown}
 v - a potion of degeneration {unknown}
 w - a potion of haste {unknown}
Comestibles
 f - 7 rations
 g - 5 chunks of flesh


   Skills:
 - Level 2.0 Fighting
 - Level 2.0 Short Blades
 + Level 3.6 Throwing
 + Level 3.2 Dodging
 + Level 6.9 Stealth


You had 4 spell levels left.
You didn't know any spells.

Dungeon Overview and Level Annotations

Branches:
Dungeon (3/15)

Altars:


Innate Abilities, Weirdness & Mutations

You cannot wear most types of armour.
You are very stealthy in the water. (Stealth+)
You are amphibious.
You can wear up to eight rings at the same time.
You can use your tentacles to constrict eight enemies at once.
Your skin changes colour to match your surroundings (Stealth+).
Your rubbery body absorbs attacks. (AC +1, EV +1)


Message History

Found an escape hatch in the floor.
An ice beast comes into view.
A bat comes into view.
A rat comes into view.
Found a ration.
The helpless ice beast fails to defend itself.
You impale the ice beast!!
You squeeze the ice beast, but do no damage.
The ice beast is severely wounded.
The ice beast closely misses you.
You barely miss the ice beast.
The ice beast is severely wounded.
The orc priest casts a cantrip, but nothing happens.
The ice beast hits you. The ice beast freezes you!
You barely miss the ice beast.
The ice beast is severely wounded.
The ice beast hits you. The ice beast freezes you!
* * * LOW HITPOINT WARNING * * *
The orc priest zaps a wand.
The puff of flame hits you!
You die...

#..#..##............#
#......#
##.#..##............#
#......# ##....#
............#
#......# ###)..#
...........# #......#
###...#####'#########
#......#
'..............>..##
#......#
##....#####........#
######## #.....#
#........# #.....#
######@..# #[....#
#..Y# #.....#
#%....r..# #####>#
#........# ###
#........# #......b.#
#.....o..# #........#
#........#


You could see an ice beast, an orc priest, a bat (sleeping) and a rat.

Vanquished Creatures
  Jessica (D:3)
  An orc wizard (D:3)
  8 adders
  2 oozes (D:1)
  3 worms (D:2)
  3 dart slugs
  3 leopard geckos
  2 orcs (D:3)
  2 giant cockroaches
  3 goblins
  5 hobgoblins
  3 jackals (D:2)
  2 quokkas
  2 bats (D:1)
  6 frilled lizards
  A kobold (D:1)
  3 rats
50 creatures vanquished.

Notes
Turn   | Place    | Note
-------+----------+-------------------------------------------
     0 | D:1      | sking99 the Octopode Assassin began the quest for the Orb.
     0 | D:1      | Reached XP level 1. HP: 14/14 MP: 1/1
   165 | D:1      | Reached XP level 2. HP: 19/19 MP: 2/2
   620 | D:1      | Reached XP level 3. HP: 24/24 MP: 3/3
   909 | D:2      | Found a faded altar of an unknown god.
   937 | D:2      | Reached skill level 6 in Stealth
  1318 | D:2      | Reached XP level 4. HP: 29/29 MP: 4/4
  1707 | D:3      | Reached XP level 5. HP: 25/34 MP: 5/5
  2035 | D:3      | Noticed Jessica
  2044 | D:3      | Killed Jessica
  2203 | D:3      | Noticed an ice beast
  2213 | D:3      | Killed from afar by an orc priest

Skill      XL: |  1  2  3  4  5 |
---------------+----------------+-----
Dodging        | 2 3 |  3.2
Stealth        | 6 |  6.9
Throwing       | 3 |  3.6
Fighting       | |  2.0
Short Blades   | |  2.0

Action                   |  1- 3 |  4- 6 || total
-------------------------+-------+-------++-------
Melee: Dagger            |    48 |    54 ||   102
       Tentacles         |    11 |    10 ||    21
       Constrict         |     8 |    15 ||    23
 Fire: Blowgun           |     4 |     8 ||    12
 Stab: Sleeping          |    10 |     6 ||    16
  Eat: Chunk             |     1 |     3 ||     4
Armor: Skin              |     3 |     3 ||     6
Dodge: Dodged            |    16 |    21 ||    37
